[Event "Titled Tuesday Blitz April 18 Early 2023"]
[White "Korobov, Anton"]
[Black "Kamsky, Gata"]
[WhiteFideId "14105730"]
[BlackFideId "2000024"]
[WhiteElo "2638"]
[BlackElo "2660"]
[Result "1-0"]
[Round "09"]
[TimeControl "180+2"]
[Date "2023.04.18"]
[WhiteClock "0:01:37"]
[BlackClock "0:00:32"]

1. d4 Nf6 2. c4 g6 3. Nc3 Bg7 4. e4 d6 5. Nf3 O-O 6. Be2 Bg4 7. Be3 Bxf3 8. Bxf3 e5 9. d5 a5 10. h4 Na6 11. h5 Nc5 12. Qe2 c6 13. O-O-O Qc7 14. Kb1 a4 15. g4 cxd5 16. g5 Nfxe4 17. Nxd5 Qd7 18. Rdg1 Qf5 19. Ne7+ 1-0


[Site "https://www.chess.com"]

[Event "Titled Tuesday Blitz April 18 Early 2023"]
[White "Naroditsky, Daniel"]
[Black "Andreikin, Dmitry"]
[WhiteFideId "2026961"]
[BlackFideId "4158814"]
[WhiteElo "2633"]
[BlackElo "2736"]
[Result "1-0"]
[Round "09"]
[TimeControl "180+2"]
[Date "2023.04.18"]
[WhiteClock "0:00:32"]
[BlackClock "0:00:07"]

1. d4 d5 2. Nc3 Bf5 3. f3 e6 4. e4 Bg6 5. h4 h6 6. h5 Bh7 7. exd5 exd5 8. Bd3 Bxd3 9. Qxd3 Bd6 10. Nge2 Ne7 11. Bf4 c6 12. O-O-O Na6 13. a3 Nc7 14. g4 Ne6 15. Bxd6 Qxd6 16. Qe3 O-O-O 17. f4 Rde8 18. Qd2 Kb8 19. Kb1 Nc8 20. Ka2 Qc7 21. b3 Re7 22. g5 Nd6 23. Ng3 hxg5 24. fxg5 Nb5 25. Nf5 Nxc3+ 26. Qxc3 Ree8 27. h6 g6 28. Ng7 Nxg7 29. hxg7 Rhg8 30. Rde1 Rxe1 31. Qxe1 Qc8 32. Rh8 a6 33. Qe7 Ka7 34. Rxg8 Qxg8 35. Qc5+ 1-0


[Site "https://www.chess.com"]

[Event "Titled Tuesday Blitz April 18 Early 2023"]
[White "Bachmann, Axel"]
[Black "Bluebaum, Matthias"]
[WhiteFideId "3700488"]
[BlackFideId "24651516"]
[WhiteElo "2605"]
[BlackElo "2638"]
[Result "0-1"]
[Round "09"]
[TimeControl "180+2"]
[Date "2023.04.18"]
[WhiteClock "0:00:58"]
[BlackClock "0:02:10"]

1. e4 e6 2. Qe2 Be7 3. d3 d5 4. Nf3 Nf6 5. g3 c5 6. Bg2 Nc6 7. O-O a5 8. e5 Nd7 9. c4 Nb6 10. Nc3 O-O 11. h4 Nd4 12. Nxd4 cxd4 13. Nb1 dxc4 14. dxc4 Qc7 15. b3 Rd8 16. Bf4 Bd7 17. Nd2 Bc6 18. Ne4 Nd7 19. Nf6+ Bxf6 20. exf6 e5 21. Bg5 Bxg2 22. Kxg2 Nxf6 23. Rfe1 Re8 24. Qf3 Nd7 0-1


[Site "https://www.chess.com"]

[Event "Titled Tuesday Blitz April 18 Early 2023"]
[White "Pichot, Alan"]
[Black "Sarana, Alexey"]
[WhiteFideId "110973"]
[BlackFideId "24133795"]
[WhiteElo "2573"]
[BlackElo "2714"]
[Result "0-1"]
[Round "09"]
[TimeControl "180+2"]
[Date "2023.04.18"]
[WhiteClock "0:00:07"]
[BlackClock "0:00:12"]

1. e4 c5 2. Nf3 d6 3. Bb5+ Bd7 4. Bxd7+ Nxd7 5. O-O e6 6. d3 Be7 7. c4 Ne5 8. Ne1 Nc6 9. Nc3 Bf6 10. f4 Nge7 11. Nc2 Nd4 12. Nxd4 Bxd4+ 13. Kh1 Nc6 14. Rb1 g6 15. Ne2 Bg7 16. Be3 O-O 17. d4 cxd4 18. Nxd4 Qe7 19. Qd2 Rfd8 20. Rbd1 Nxd4 21. Bxd4 e5 22. Bc3 Rac8 23. b3 exf4 24. Bxg7 Kxg7 25. Qxf4 Rc5 26. Rd3 Re5 27. Rd4 b6 28. h3 Qe6 29. Rf3 Rd7 30. Rf2 Re7 31. Kh2 h5 32. Rf3 Re8 33. Qd2 Rxe4 34. Rxe4 Qxe4 35. Qxd6 Re6 36. Qd7 Qe5+ 37. Kh1 Re7 38. Qd3 Qa1+ 39. Kh2 Qxa2 40. Qd4+ Kh7 41. Qd5 Kg7 42. Qd4+ Kh7 43. Qd5 f5 44. Qd6 Qe2 45. Rg3 Rg7 46. Rf3 Qe4 47. Rf4 Qe7 48. Qd5 Qc7 49. g3 Rd7 50. Qg2 Qe5 51. b4 Rd3 52. h4 Kh6 53. Qa8 Rd2+ 54. Kh3 Rd7 55. Qf8+ Qg7 56. Qe8 Kh7 57. c5 bxc5 58. bxc5 Qe7 59. Qc8 Rc7 60. Qb8 Qxc5 61. Rd4 Qc6 62. Kh2 Qc2+ 63. Kh3 Qc1 64. Qa8 Qf1+ 65. Qg2 Qxg2+ 66. Kxg2 a5 67. Ra4 Ra7 68. Kf3 Kg7 69. Kf4 Kf6 70. Kf3 Ke5 71. Ke3 Ra6 72. Kf3 Kd5 73. Kf4 Kc5 0-1


[Site "https://www.chess.com"]

[Event "Titled Tuesday Blitz April 18 Early 2023"]
[White "Svane, Rasmus"]
[Black "Rustemov, Alexander"]
[WhiteFideId "4657101"]
[BlackFideId "4119002"]
[WhiteElo "2597"]
[BlackElo "2872"]
[Result "1/2-1/2"]
[Round "09"]
[TimeControl "180+2"]
[Date "2023.04.18"]
[WhiteClock "0:00:05"]
[BlackClock "0:00:06"]

1. Nf3 d5 2. g3 c6 3. Bg2 Bf5 4. O-O e6 5. c4 Nd7 6. d3 dxc4 7. dxc4 Ngf6 8. Nc3 h6 9. Bf4 Be7 10. Bd6 Nc5 11. Bxe7 Qxd1 12. Rfxd1 Kxe7 13. Nd4 a5 14. Rd2 Bg6 15. f4 Nfe4 16. Nxe4 Bxe4 17. Bf3 Rhd8 18. Rad1 f5 19. Kf2 Kf6 20. Nb3 Rxd2 21. Rxd2 Nxb3 22. axb3 Bxf3 23. Kxf3 a4 24. Rd7 axb3 25. Rxb7 Ra4 26. c5 Rc4 27. Rxb3 Rxc5 28. e4 fxe4+ 29. Kxe4 Rc2 30. h4 h5 31. Rb6 Ke7 32. f5 Rc4+ 33. Ke5 Rc5+ 34. Kd4 Rd5+ 35. Ke3 Re5+ 36. Kd4 Rd5+ 37. Ke3 Rxf5 38. Rxc6 Rb5 39. Rc2 Rb3+ 40. Kf2 Kf6 41. Kg2 e5 42. Kh3 Kf5 43. Rc7 g6 44. Rf7+ Ke6 45. Rf2 e4 46. Kg2 Ke5 47. Re2 Kd4 48. Rd2+ Ke3 49. Rd6 Rxb2+ 50. Kh3 Kf3 51. Rf6+ Ke2 52. Rxg6 e3 53. g4 Kf3 54. Rf6+ Ke4 55. Re6+ Kf3 56. gxh5 e2 57. Rf6+ Ke3 58. Re6+ Kf2 59. Kg4 Rb3 60. Rxe2+ Kxe2 61. h6 Rb4+ 62. Kg5 Kf3 63. h7 Rb5+ 64. Kg6 Rb6+ 65. Kg5 Rb5+ 66. Kg6 Rb6+ 67. Kg7 Rb7+ 68. Kg8 Kg4 69. h8=Q Rb8+ 70. Kg7 Rxh8 71. Kxh8 Kxh4 1/2-1/2


[Site "https://www.chess.com"]

[Event "Titled Tuesday Blitz April 18 Early 2023"]
[White "Movahed, Sina"]
[Black "Kramnik, Vladimir"]
[WhiteFideId "42520835"]
[BlackFideId "4101588"]
[WhiteElo "2225"]
[BlackElo "2712"]
[Result "1/2-1/2"]
[Round "09"]
[TimeControl "180+2"]
[Date "2023.04.18"]
[WhiteClock "0:00:06"]
[BlackClock "0:00:09"]

1. e4 c5 2. Nf3 e6 3. d4 cxd4 4. Nxd4 a6 5. Bd3 Nf6 6. O-O Qc7 7. Qe2 d6 8. c4 Nbd7 9. b3 g6 10. Bb2 Bg7 11. Nc3 O-O 12. Rac1 b6 13. Rfd1 Bb7 14. Bb1 Rad8 15. Rd2 Qb8 16. Rcd1 Rfe8 17. b4 d5 18. Nf3 dxc4 19. Qxc4 b5 20. Qe2 Nb6 21. Bd3 Ng4 22. h3 Ne5 23. Nxe5 Bxe5 24. Qe3 Bd4 25. Qf3 Bg7 26. Qe3 Ba8 27. Bf1 Rxd2 28. Rxd2 Qc7 29. Qc5 Qxc5 30. bxc5 b4 31. Nd1 Na4 32. Bxg7 Kxg7 33. Rd4 Rb8 34. c6 Bxc6 35. Bxa6 Ba8 36. Bd3 Nc5 37. Bb1 e5 38. Rc4 Ne6 39. Kf1 Nd4 40. Ke1 Bc6 41. Rc5 Rb5 42. Rxb5 Bxb5 43. Ne3 h5 44. Nd5 b3 45. axb3 Nxb3 46. Nc3 Ba6 47. Bc2 Nd4 48. Bd1 h4 49. Be2 Bb7 50. Bc4 f5 51. Bd5 Ba6 52. exf5 gxf5 53. g3 Kh6 54. Kd2 Kg5 55. Ke3 Nc2+ 56. Kd2 Nb4 57. Be6 Nd3 58. gxh4+ Kf6 59. Nd5+ Kxe6 60. Nc7+ Kf6 61. Nxa6 Nxf2 62. Nc5 Nxh3 63. Ke3 Nf4 64. Nd7+ Ke6 65. Nc5+ Kd5 66. Nd7 Nh5 67. Nb6+ Ke6 68. Nc4 Kd5 69. Nb6+ Kc5 70. Nd7+ Kd6 71. Nb6 Kc6 72. Nc4 Kd5 73. Nb6+ 1/2-1/2


[Site "https://www.chess.com"]

[Event "Titled Tuesday Blitz April 18 Early 2023"]
[White "Costachi, Mihnea"]
[Black "Ivanchuk, Vasyl"]
[WhiteFideId "1217518"]
[BlackFideId "14100010"]
[WhiteElo "2456"]
[BlackElo "2710"]
[Result "0-1"]
[Round "09"]
[TimeControl "180+2"]
[Date "2023.04.18"]
[WhiteClock "0:00:23"]
[BlackClock "0:00:52"]

1. d4 f5 2. Bg5 g6 3. h4 Bg7 4. e3 d6 5. c4 h6 6. Bf4 e5 7. dxe5 dxe5 8. Qxd8+ Kxd8 9. Bg3 Be6 10. Nc3 Nd7 11. O-O-O c6 12. Nf3 Ke7 13. Be2 e4 14. Bd6+ Kf7 15. Nd4 Be5 16. Bxe5 Nxe5 17. Nxe6 Kxe6 18. c5 Nf6 19. Rd6+ Ke7 20. f3 Rhd8 21. Rxd8 Rxd8 22. fxe4 fxe4 23. Rf1 Nd3+ 24. Bxd3 Rxd3 25. Re1 Ke6 26. Ne2 Nd5 27. Nd4+ Ke5 28. Nc2 a5 29. Rf1 Nxe3 30. Nxe3 Rxe3 31. Rf7 Rg3 32. Rxb7 Rxg2 33. a4 Kd4 34. b4 Kc3 35. Kd1 axb4 36. a5 b3 37. a6 Ra2 38. a7 b2 39. Rxb2 Kxb2 40. a8=Q Rxa8 0-1


[Site "https://www.chess.com"]

[Event "Titled Tuesday Blitz April 18 Early 2023"]
[White "Bharath Subramaniyam H"]
[Black "Ibarra Jerez, Jose Carlos"]
[WhiteFideId "46634827"]
[BlackFideId "2226332"]
[WhiteElo "2395"]
[BlackElo "2638"]
[Result "0-1"]
[Round "09"]
[TimeControl "180+2"]
[Date "2023.04.18"]
[WhiteClock "0:00:04"]
[BlackClock "0:00:03"]

1. c4 e5 2. Nf3 e4 3. Nd4 c6 4. Nc3 Nf6 5. d3 exd3 6. Qxd3 d5 7. cxd5 cxd5 8. g3 Nc6 9. Bg2 Bc5 10. Nb3 Bb6 11. O-O Be6 12. Na4 Ne5 13. Qd1 Bc7 14. Nac5 Bc8 15. Bg5 O-O 16. Bxf6 Qxf6 17. Qxd5 Rd8 18. Ne4 Qg6 19. Qc5 Nc6 20. Qg5 Bg4 21. Qxg6 hxg6 22. Nec5 Bxe2 23. Rfe1 Re8 24. Nxb7 Nb4 25. Nd4 Bg4 26. Nc5 Rxe1+ 27. Rxe1 Rd8 28. Ndb3 Bb6 29. h3 Bf5 30. a3 Nd3 31. Nxd3 Rxd3 32. Nc1 Rd2 33. Re8+ Kh7 34. Ne2 Rxb2 35. Bd5 Be6 36. Bxe6 Rxe2 37. Bxf7 Rxf2 38. Bg8+ Kh6 39. Kh1 Rf3 40. Kg2 Rf2+ 41. Kh1 Rf3 42. Kg2 Rxa3 43. Bd5 Bc7 44. h4 Rxg3+ 45. Kf2 Kh5 46. Rh8+ Kg4 47. Be6+ Kf4 48. Rf8+ Ke4 49. Rf7 Be5 50. Rxa7 Rc3 51. Ra4+ Bd4+ 52. Kg2 Rd3 53. Bf7 Kf5 54. Ra5+ Kg4 55. Bxg6 Rd2+ 56. Kf1 Kf3 57. Bh5+ Kg3 58. Be2 Rb2 59. Bc4 Rc2 60. Ra3+ Kxh4 61. Bd3 Rf2+ 62. Ke1 Rf4 63. Ra4 Bc3+ 64. Ke2 Rxa4 0-1


[Site "https://www.chess.com"]

[Event "Titled Tuesday Blitz April 18 Early 2023"]
[White "Narayanan.S.L"]
[Black "Licznerski, Lukasz"]
[WhiteFideId "5058422"]
[BlackFideId "1179250"]
[WhiteElo "2547"]
[BlackElo "2450"]
[Result "1-0"]
[Round "09"]
[TimeControl "180+2"]
[Date "2023.04.18"]
[WhiteClock "0:00:42"]
[BlackClock "0:00:02"]

1. e4 c6 2. d3 d5 3. Be2 e5 4. Nf3 Bd6 5. O-O Ne7 6. Re1 O-O 7. Bf1 f6 8. c3 Be6 9. Nbd2 Nd7 10. d4 Qc7 11. dxe5 Nxe5 12. Nd4 Bf7 13. exd5 Nxd5 14. Ne4 Rad8 15. Nxd6 Rxd6 16. Qc2 Rfd8 17. Bd2 a6 18. b4 c5 19. bxc5 Qxc5 20. Rad1 Nxc3 21. Bxc3 Rxd4 22. Rxd4 Rxd4 23. Qb2 Rf4 24. Rd1 g5 25. Bd4 Qc7 26. Be3 Ra4 27. h3 Rxa2 28. Qd4 Rc2 29. Qe4 Kg7 30. Bd4 Rc6 31. Qe3 b5 32. Re1 b4 33. Qg3 Re6 34. f4 Ng6 35. Rxe6 Bxe6 36. Bxf6+ Kf7 37. Bxg5 b3 38. Qf2 Qb7 39. Qb2 1-0


[Site "https://www.chess.com"]

[Event "Titled Tuesday Blitz April 18 Early 2023"]
[White "Durarbayli, Vasif"]
[Black "Fier, Alexandr"]
[WhiteFideId "13402935"]
[BlackFideId "2107139"]
[WhiteElo "2551"]
[BlackElo "2610"]
[Result "0-1"]
[Round "09"]
[TimeControl "180+2"]
[Date "2023.04.18"]
[WhiteClock "0:00:15"]
[BlackClock "0:02:06"]

1. e4 Nf6 2. e5 Nd5 3. d4 d6 4. c4 Nb6 5. exd6 cxd6 6. Nc3 g6 7. Be2 Bg7 8. h3 O-O 9. Nf3 Nc6 10. O-O Bf5 11. Be3 d5 12. c5 Nc4 13. Bc1 b6 14. b3 bxc5 15. bxc4 cxd4 16. cxd5 dxc3 17. dxc6 Qxd1 18. Rxd1 c2 19. Rd4 Rab8 20. Bd3 Bxd4 21. Bxf5 Bxa1 22. Bxc2 Rfc8 23. Be4 Rb4 24. Bd5 Rb1 0-1


[Site "https://www.chess.com"]

[Event "Titled Tuesday Blitz April 18 Early 2023"]
[White "Smirnov, Pavel"]
[Black "Zhigalko_Sergei"]
[WhiteFideId "4123425"]
[WhiteElo "2519"]
[BlackElo "2921"]
[Result "0-1"]
[Round "09"]
[TimeControl "180+2"]
[Date "2023.04.18"]
[WhiteClock "0:00:01"]
[BlackClock "0:00:02"]

1. d4 Nf6 2. c4 e6 3. g3 c5 4. Nf3 cxd4 5. Nxd4 Qc7 6. Nc3 a6 7. Bg2 Qxc4 8. O-O Nc6 9. Nb3 d5 10. Bf4 Be7 11. Rc1 Qb4 12. a3 Qb6 13. e4 Nxe4 14. Nxe4 dxe4 15. Nd2 O-O 16. Nc4 Qb5 17. a4 Qb4 18. Bd2 Qc5 19. Be3 Qf5 20. Nb6 Rb8 21. Qc2 e5 22. Bxe4 Qh5 23. Nd5 Bh3 24. Rfd1 Bg5 25. f4 exf4 26. Bxf4 Rbe8 27. Re1 h6 28. Qf2 Bd8 29. Bf3 Qg6 30. Kh1 Bg4 31. Bg2 Be6 32. Nc3 Bf5 33. Rcd1 Rxe1+ 34. Qxe1 Bf6 35. Nd5 Bxb2 36. h3 Bf6 37. g4 Be6 38. Nxf6+ Qxf6 39. Qg3 Re8 40. Rf1 Qg6 41. Kh2 Nb4 42. Re1 Rd8 43. Be4 Qf6 44. g5 Qb2+ 45. Kh1 Bd5 46. gxh6 g6 47. h7+ Kxh7 0-1


[Site "https://www.chess.com"]

[Event "Titled Tuesday Blitz April 18 Early 2023"]
[White "Daneshvar, Bardiya"]
[Black "Szpar, Milosz"]
[WhiteFideId "12576468"]
[BlackFideId "1184989"]
[WhiteElo "2468"]
[BlackElo "2436"]
[Result "1-0"]
[Round "09"]
[TimeControl "180+2"]
[Date "2023.04.18"]
[WhiteClock "0:00:11"]
[BlackClock "0:00:02"]

1. Nf3 d5 2. d3 Nc6 3. Nbd2 e5 4. e4 Nf6 5. Be2 Bd6 6. O-O O-O 7. c3 Re8 8. Re1 Ne7 9. exd5 Nexd5 10. Bf1 h6 11. Nc4 Bg4 12. h3 Bxf3 13. Qxf3 Qd7 14. a4 c6 15. a5 Bc7 16. Ne3 Nf4 17. Nc4 N6d5 18. h4 g5 19. hxg5 hxg5 20. g3 g4 21. Qh1 Kg7 22. gxf4 Rh8 23. Qe4 f5 24. Nxe5 Bxe5 25. Qxe5+ Kf7 26. c4 Rhe8 27. cxd5 Rxe5 28. Rxe5 Re8 29. dxc6 bxc6 30. d4 Rxe5 31. dxe5 Qd1 32. a6 Kg6 33. e6 Kf6 34. b4 Kxe6 35. Bb2 Qd2 36. Be5 Qxb4 37. Rc1 Kd7 38. Bg2 c5 39. Rd1+ Ke8 40. Bd6 Qa4 41. Re1+ Kd7 42. Bxc5 Qxa6 43. Re5 Qa1+ 44. Kh2 Qb1 45. Bxa7 Qa1 46. Be3 Qb1 47. Bd5 Qf1 48. Bg2 Qb1 49. Kg3 Kd6 50. Re8 Kd7 51. Rh8 Ke6 52. Rh1 Qc2 53. Ra1 Kf7 54. Ra5 Kg6 55. Ra6+ Kg7 56. Re6 Qc4 57. Rd6 Qc2 58. Bf1 Qc3 59. Kg2 Qc2 60. Bd3 Qd1 61. Rd7+ Kf8 62. Bc5+ Ke8 63. Bb5 Qf3+ 64. Kg1 Qg3+ 65. Kf1 Qh3+ 66. Ke2 Qf1+ 67. Kxf1 1-0


[Site "https://www.chess.com"]

[Event "Titled Tuesday Blitz April 18 Early 2023"]
[White "Aradhya, Garg"]
[Black "Demchenko, Anton"]
[WhiteFideId "25006746"]
[BlackFideId "4160258"]
[WhiteElo "2263"]
[BlackElo "2545"]
[Result "0-1"]
[Round "09"]
[TimeControl "180+2"]
[Date "2023.04.18"]
[WhiteClock "0:00:33"]
[BlackClock "0:00:11"]

1. d4 Nf6 2. c4 d6 3. Nc3 e5 4. Nf3 Nc6 5. dxe5 dxe5 6. Qxd8+ Kxd8 7. Bg5 Be6 8. O-O-O+ Kc8 9. e3 Nd7 10. Bh4 f6 11. Nd2 a5 12. f3 a4 13. a3 Nc5 14. Bf2 Na5 15. Kc2 Nab3 16. e4 c6 17. Nxb3 axb3+ 18. Kb1 Be7 19. Be2 Kc7 20. h4 b6 21. h5 Nb7 22. h6 g5 23. Be3 Bc5 24. Bd2 Nd6 25. g3 Nxc4 26. Bc1 b5 27. f4 gxf4 28. gxf4 Rhg8 29. fxe5 fxe5 30. Rh5 Bf7 31. Rf5 Bg6 32. Rf6 Rgf8 33. Rxf8 Rxf8 34. a4 Nd6 35. axb5 Nxe4 36. Bd3 Nxc3+ 37. bxc3 Rd8 38. Kb2 Rxd3 39. Re1 Bd6 40. bxc6 Kxc6 41. Kxb3 e4 42. Bb2 Rh3 43. Ra1 Bf7+ 44. Kc2 Rh2+ 45. Kb1 Rh1+ 46. Kc2 Rxa1 47. Bxa1 Bf4 48. Kd1 Bxh6 49. Bb2 Bc4 50. Ba3 Kd5 51. Ke1 Bf4 52. Be7 Be5 53. Kd2 h5 54. Bg5 Bg3 55. Ke3 Bd3 56. Kd2 h4 57. Be3 h3 58. Bg1 h2 59. Bxh2 Bxh2 60. Ke3 Kc4 61. Kf2 Bf4 62. Kg2 Kxc3 63. Kh3 Be2 64. Kh4 Bf3 65. Kh3 e3 66. Kh4 e2 67. Kh3 Kd3 68. Kh4 e1=Q+ 69. Kh3 Qh1# 0-1


[Site "https://www.chess.com"]

[Event "Titled Tuesday Blitz April 18 Early 2023"]
[White "Arat, Ufuk Sezen"]
[Black "Yeletsky, Ivan"]
[WhiteFideId "6309089"]
[BlackFideId "24180327"]
[WhiteElo "2289"]
[BlackElo "2422"]
[Result "0-1"]
[Round "09"]
[TimeControl "180+2"]
[Date "2023.04.18"]
[WhiteClock "0:00:15"]
[BlackClock "0:00:08"]

1. e4 Nc6 2. d4 e5 3. d5 Nce7 4. Nf3 Ng6 5. h4 h5 6. Bg5 Nf6 7. Bd3 Bc5 8. Nbd2 d6 9. Qe2 a6 10. O-O-O Qd7 11. Nb3 Ba7 12. c4 Qa4 13. Kb1 Bg4 14. Rc1 Nd7 15. Be3 Nf4 16. Bxf4 exf4 17. Qd2 Bxf3 18. gxf3 Ne5 19. Be2 a5 20. Qxf4 Qb4 21. c5 a4 22. cxd6 cxd6 23. Qd2 Qb6 24. Na5 O-O 25. f4 Nd7 26. Nc4 Qxf2 27. Rcf1 Qc5 28. Bd3 b5 29. Na3 b4 30. Nc4 a3 31. b3 Rfe8 32. Rhg1 Qd4 33. Rg3 Nc5 34. e5 Kf8 35. Nxd6 Red8 36. Rxg7 Qxd3+ 37. Qxd3 Nxd3 38. Rxf7+ Kg8 39. Rg1+ Bxg1 40. Nc4 Kxf7 41. e6+ 0-1


[Site "https://www.chess.com"]

[Event "Titled Tuesday Blitz April 18 Early 2023"]
[White "Sadhwani, Raunak"]
[Black "Karthik Rajaa"]
[WhiteFideId "35093487"]
[BlackFideId "25035215"]
[WhiteElo "2631"]
[BlackElo "2215"]
[Result "1-0"]
[Round "09"]
[TimeControl "180+2"]
[Date "2023.04.18"]
[WhiteClock "0:00:23"]
[BlackClock "0:00:02"]

1. Nf3 Nf6 2. b3 g6 3. Bb2 Bg7 4. g3 O-O 5. Bg2 d6 6. d4 b5 7. O-O Bb7 8. Nbd2 Nbd7 9. c4 bxc4 10. Nxc4 a5 11. Rc1 c5 12. dxc5 Nxc5 13. Bd4 Ra6 14. Bxc5 dxc5 15. Nfe5 Bxg2 16. Qxd8 Rxd8 17. Kxg2 Ne4 18. Nd3 a4 19. Rc2 axb3 20. axb3 Rc8 21. Rfc1 Bh6 22. e3 Rd8 23. Nde5 Rb8 24. f3 Nd6 25. Nd7 Rxb3 26. f4 Nxc4 27. Rxc4 Ra2+ 28. Kf3 Raa3 29. Re4 Rc3 30. Rxc3 Rxc3 31. Rxe7 Rd3 32. Re8+ Kg7 33. Nxc5 Rd2 34. g4 g5 35. h4 f6 36. hxg5 fxg5 37. f5 Kf7 38. Rh8 Kg7 39. Ra8 Rc2 40. Ra7+ Kg8 41. Ne6 Rc1 42. Ke4 Rf1 43. Ke5 1-0


[Site "https://www.chess.com"]

[Event "Titled Tuesday Blitz April 18 Early 2023"]
[White "Shimanov, Aleksandr"]
[Black "Molina, Roberto Junio Brito"]
[WhiteFideId "4198603"]
[BlackFideId "2109450"]
[WhiteElo "2631"]
[BlackElo "2376"]
[Result "1-0"]
[Round "09"]
[TimeControl "180+2"]
[Date "2023.04.18"]
[WhiteClock "0:00:17"]
[BlackClock "0:00:05"]

1. d4 c6 2. e4 d5 3. Nc3 dxe4 4. Nge2 Nf6 5. Ng3 Bg4 6. Be2 Bxe2 7. Qxe2 Qxd4 8. Bf4 Nbd7 9. Rd1 Qb4 10. O-O Nc5 11. Be5 Nfd7 12. a3 Qxb2 13. Rb1 Qxa3 14. Ra1 Qxa1 15. Rxa1 Nxe5 16. Ncxe4 Nxe4 17. Qxe4 Nd7 18. Rd1 e6 19. Nf5 O-O-O 20. Nd4 Nf6 21. Qe2 Bc5 22. c3 Bxd4 23. cxd4 a6 24. Qb2 Rd7 25. h3 Rhd8 26. Rb1 g6 27. Qb6 Ne8 28. Qa7 Nd6 29. Qc5 Nb5 30. Qg5 h5 31. Qf6 Nxd4 32. Kh2 Nb5 33. Rb3 b6 34. Rb2 Kb7 35. Rc2 Rc8 36. f3 c5 37. g4 Nd4 38. Rd2 Rc6 39. Kg2 b5 40. Qe5 Rd5 41. Qf6 Rc7 42. Qh8 Rcd7 43. Qf8 c4 44. Ra2 Nc6 45. Kg3 c3 46. Qa3 b4 47. Qxa6+ Kc7 48. Qc4 Rd4 49. Qc5 b3 50. Ra7+ Kd8 51. Ra6 Ne5 52. Ra8# 1-0


[Site "https://www.chess.com"]

[Event "Titled Tuesday Blitz April 18 Early 2023"]
[White "Drozdowski, Kacper"]
[Black "Djordjevic, Vuk"]
[WhiteFideId "1136720"]
[BlackFideId "902098"]
[WhiteElo "2497"]
[BlackElo "2452"]
[Result "0-1"]
[Round "09"]
[TimeControl "180+2"]
[Date "2023.04.18"]
[WhiteClock "0:00:05"]
[BlackClock "0:00:05"]

1. e4 e6 2. d4 d5 3. Nd2 Be7 4. Ngf3 Nf6 5. Bd3 c5 6. e5 Nfd7 7. c3 b6 8. O-O Ba6 9. Ne1 Qc8 10. Qg4 g6 11. f4 cxd4 12. cxd4 Nc6 13. Bxa6 Qxa6 14. Ndf3 Qc4 15. Be3 Qe2 16. Bf2 Qxb2 17. Nd3 Qa3 18. Rfd1 Rc8 19. Qh3 O-O 20. Bh4 Bxh4 21. Qxh4 Qe7 22. Qh6 f6 23. Rac1 Nb4 24. Rxc8 Rxc8 25. exf6 Nxf6 26. Nde5 Nxa2 27. Ng5 Nc3 28. Re1 Nce4 29. Rf1 b5 30. Nxe4 Nxe4 31. Qh3 b4 32. Qd3 a5 33. Qb5 Qa7 34. Nf3 Nc3 35. Qd3 b3 36. Qe3 Qe7 37. Qd2 a4 38. f5 Ne4 39. Qa5 exf5 40. Qxa4 Qb7 41. Rb1 b2 42. Qa3 Rb8 43. h4 Qb4 44. Qa6 Qb6 45. Qa3 Nd2 46. Nxd2 Qxd4+ 47. Kh2 Qf4+ 48. Qg3 Qxg3+ 49. Kxg3 Rb4 50. Kf3 Kf7 51. g3 Kf6 52. Ke3 Ke5 53. Nf3+ Kd6 54. Nd4 Kc5 55. Nc2 Rb3+ 56. Kd2 Rxg3 57. Rxb2 Rg4 58. Rb8 Rxh4 59. Rc8+ Kd6 60. Kd3 g5 61. Nd4 Rh3+ 62. Ke2 f4 63. Re8 h6 64. Nf5+ Kc5 65. Rc8+ Kb4 66. Kd2 h5 67. Nd4 g4 68. Rf8 f3 69. Nc2+ Kc5 70. Ne3 Rh2+ 71. Kd3 f2 72. Rf5 g3 73. Rxd5+ Kc6 74. Rf5 h4 75. Ke2 Rh1 76. Rf6+ Kd7 77. Rf4 Re1+ 78. Kd2 Rxe3 79. Kxe3 h3 80. Rxf2 h2 81. Rf7+ Ke6 82. Rh7 g2 83. Rh6+ Ke5 84. Rh5+ Kf6 85. Rxh2 g1=Q+ 86. Rf2+ Ke5 87. Kf3 Qd1+ 88. Ke3 Qd4+ 89. Kf3 Qd3+ 90. Kg2 Ke4 91. Rf1 Qd2+ 92. Rf2 Qg5+ 93. Kf1 Ke3 94. Re2+ Kd3 95. Rf2 Qg4 96. Rf8 Qh3+ 97. Kg1 Qg4+ 98. Kf1 Qb4 99. Rf3+ Ke4 100. Kg2 Qd2+ 101. Rf2 Qd5 102. Rf8 Ke3+ 103. Kg1 Qd1+ 104. Kg2 Qe2+ 105. Kg3 Qe1+ 106. Kg2 Qd2+ 107. Kg1 Qd1+ 108. Kg2 Qg4+ 109. Kf1 Qc4+ 110. Kg2 Qd5+ 111. Kg1 Qc6 112. Rg8 Ke2 113. Rf8 Qc5+ 114. Kg2 Qxf8 115. Kg3 Qf5 116. Kh4 Qg6 117. Kh3 Kf3 118. Kh2 Qg2# 0-1


[Site "https://www.chess.com"]

[Event "Titled Tuesday Blitz April 18 Early 2023"]
[White "Paravyan, David"]
[Black "jinbojinbo"]
[WhiteFideId "4194985"]
[WhiteElo "2563"]
[BlackElo "2714"]
[Result "1-0"]
[Round "09"]
[TimeControl "180+2"]
[Date "2023.04.18"]
[WhiteClock "0:02:06"]
[BlackClock "0:00:44"]

1. e4 e5 2. Nf3 Nc6 3. Bb5 a6 4. Ba4 Nf6 5. O-O Be7 6. Re1 b5 7. Bb3 O-O 8. h3 d6 9. c3 Nb8 10. d4 Nbd7 11. Nbd2 Bb7 12. Bc2 Re8 13. Nf1 Bf8 14. Ng3 g6 15. a4 c5 16. d5 c4 17. Bg5 h6 18. Be3 Qc7 19. Qd2 Kh7 20. Nh2 Nc5 21. axb5 axb5 22. Rxa8 Rxa8 23. f4 exf4 24. Bxf4 Ncd7 25. Nf3 Bg7 26. Kh1 Re8 27. Nd4 Ne5 28. Rf1 Nfd7 29. Nxb5 Qb6 30. Nd4 Qxb2 31. Rb1 Qa2 32. Rxb7 Nc5 33. Rb1 Nb3 34. Qd1 g5 35. Be3 Nxd4 36. Bxd4 Nd3 37. Bxd3 Bxd4 38. Bxc4 Qxc4 39. Qxd4 1-0


[Site "https://www.chess.com"]

[Event "Titled Tuesday Blitz April 18 Early 2023"]
[White "Anton Guijarro, David"]
[Black "Shuvalova, Polina"]
[WhiteFideId "2285525"]
[BlackFideId "24171760"]
[WhiteElo "2618"]
[BlackElo "2281"]
[Result "1/2-1/2"]
[Round "09"]
[TimeControl "180+2"]
[Date "2023.04.18"]
[WhiteClock "0:00:06"]
[BlackClock "0:00:08"]

1. d4 Nf6 2. Nf3 d5 3. c3 e6 4. Bg5 c5 5. e3 Nc6 6. Nbd2 Be7 7. Bd3 Qb6 8. Rb1 Bd7 9. Ne5 cxd4 10. exd4 Nxe5 11. dxe5 Ne4 12. Nxe4 dxe4 13. Bxe7 Kxe7 14. Bxe4 Bb5 15. Qb3 Qc5 16. Qa3 Qxa3 17. bxa3 a6 18. a4 Bd7 19. a5 Rac8 20. Rxb7 Rxc3 21. O-O Rhc8 22. Rd1 R8c7 23. f4 Rxb7 24. Bxb7 Bb5 25. Rd6 Rc1+ 26. Kf2 Rc2+ 27. Kg3 Rxa2 28. Bxa6 Rxa5 29. Bxb5 Rxb5 30. Ra6 Rb3+ 31. Kg4 Rb2 32. Ra7+ Kf8 33. Ra8+ Ke7 34. Kh3 h5 35. Kg3 g6 36. h3 Rc2 37. Rh8 Rb2 38. Ra8 Rc2 39. Rh8 Rb2 40. Kf3 Rc2 41. g4 Rc3+ 42. Kg2 hxg4 43. hxg4 Rb3 44. Ra8 Rc3 45. Kf2 Rb3 46. Kg2 Rc3 47. Kf2 g5 48. fxg5 Rc5 49. Kf3 Rxe5 50. Kf4 Rb5 51. Rh8 Rb4+ 52. Kg3 e5 53. Rh6 Rb3+ 54. Kf2 Ra3 55. Rb6 Rd3 56. Kg2 Rd6 57. Rb2 Rg6 58. Kf3 Rxg5 59. Rb6 f6 60. Rb7+ Ke6 61. Rb6+ Kf7 62. Rb7+ Kg6 63. Rb6 Kg7 64. Rb7+ Kh6 65. Rf7 Rg6 66. Kg3 Kg5 67. Rh7 Rg8 68. Rh5+ Kg6 69. Kf3 Ra8 70. Kg3 Ra3+ 71. Kf2 Ra4 72. Kf3 Ra3+ 73. Kf2 Rb3 74. Kg2 Ra3 75. Kf2 1/2-1/2


[Site "https://www.chess.com"]

[Event "Titled Tuesday Blitz April 18 Early 2023"]
[White "Bacallao Alonso, Yusnel"]
[Black "Dehtiarov, Roman"]
[WhiteFideId "3507416"]
[BlackFideId "14186640"]
[WhiteElo "2561"]
[BlackElo "2189"]
[Result "1-0"]
[Round "09"]
[TimeControl "180+2"]
[Date "2023.04.18"]
[WhiteClock "0:01:37"]
[BlackClock "0:00:03"]

1. d4 Nf6 2. Nf3 d5 3. c4 e6 4. Nc3 Be7 5. Bf4 O-O 6. e3 b6 7. Bd3 Bb7 8. cxd5 exd5 9. O-O a6 10. h3 Nbd7 11. Rc1 Rc8 12. Qe2 b5 13. Ne5 c5 14. Bf5 cxd4 15. exd4 Re8 16. Qf3 g6 17. Bxd7 Nxd7 18. Nxf7 Qb6 19. Ne5 Nf6 20. Bg5 Rf8 21. Bxf6 Bxf6 22. Nxd5 Bxd5 23. Qxd5+ Kh8 24. Nd7 Qxd4 25. Qxd4 Bxd4 26. Nxf8 Rxf8 27. Rc2 Rf6 28. b3 h5 29. h4 Rf4 30. g3 Rf5 31. Kg2 g5 32. Rd1 Bc5 33. hxg5 Rxg5 34. Rd7 h4 35. b4 Bxb4 36. Rc8+ Rg8 37. Rc6 Rf8 38. Rh6+ Kg8 39. Rg6+ Kh8 40. Rh6+ Kg8 41. Rxh4 Bc5 42. Rg4+ Kh8 43. f4 Re8 44. Rd5 Ba7 45. Rh5# 1-0


[Site "https://www.chess.com"]